 Dungeon Crawl Stone Soup version 0.23.2-1-ga50397a6bc (webtiles) character file.

Game seed: 7657895132384566370

57 Andrea the Grave Robber (level 4, 0/42 HPs)
             Began as an Ogre Necromancer on Apr 20, 2019.
             Slain by an adder (4 damage)
             ... on level 2 of the Dungeon.
             The game lasted 00:04:42 (2054 turns).

Andrea the Grave Robber (Ogre Necromancer)          Turns: 2054, Time: 00:04:43

Health: 0/42       AC:  3    Str: 12    XL:     4   Next: 0%
Magic:  0/8        EV: 10    Int: 17    God:
Gold:   101        SH:  0    Dex:  9    Spells: 7/9 levels left

rFire    . . .     SeeInvis .   b - +0 club
rCold    . . .     Gourm    .   (no shield)
rNeg     . . .     Faith    .   a - +0 robe
rPois    .         Spirit   .   (helmet restricted)
rElec    .         Reflect  .   k - scarf {repulsion}
rCorr    .         Harm     .   (gloves unavailable)
MR       .....                  (boots unavailable)
Stlth    +.........             (no amulet)
HPRegen  0.14/turn              (no ring)
MPRegen  0.11/turn              (no ring)

@: lethally poisoned (0 -> -3), very slightly contaminated, repel missiles
A: large, unfitting armour, tough skin 1
a: no special abilities


You were on level 2 of the Dungeon.
You were not hungry.

You visited 1 branch of the dungeon, and saw 4 of its levels.

You collected 101 gold pieces.

Inventory:

Hand Weapons
 b - a +0 club (weapon)
Missiles
 f - 5 poisoned needles
Armour
 a - a +0 robe (worn)
 k - a scarf of repulsion (worn)
Jewellery
 n - an uncursed ring of stealth {unknown}
Scrolls
 e - a scroll of fog {unknown}
 h - a scroll of enchant armour {unknown}
 i - a scroll of identify {unknown}
 j - 3 scrolls of remove curse {unknown}
 l - a scroll of teleportation {unknown}
Potions
 g - a potion of cancellation {unknown}
 m - a potion of haste {unknown}
Comestibles
 c - 7 rations
 d - 7 chunks of flesh


   Skills:
 + Level 1.9 Fighting
 - Level 1.7 Dodging
 - Level 1.4 Stealth
 + Level 3.1 Spellcasting
 * Level 4.3 Necromancy


You had 7 spell levels left.
You knew the following spells:

 Your Spells              Type           Power        Failure   Level  Hunger
a - Pain                  Necr           ###.         2%          1    None
b - Animate Skeleton      Necr           N/A          2%          1    None

Your spell library contained the following spells:

 Spells                   Type           Power        Failure   Level  Hunger
 Vampiric Draining        Necr           ###.......   9%          3    ###....
 Regeneration             Chrm/Necr      ##........   22%         3    ###....
 Animate Dead             Necr           N/A          28%         4    ####...


Dungeon Overview and Level Annotations

Branches:
Dungeon (4/15)
 Temple: D:4-7

Altars:


Innate Abilities, Weirdness & Mutations

You are too large for most types of armour.
You have tough skin. (AC +1)


Message History

Aiming: Pain (safe; 2% risk of failure)
Press: ? - help, Shift-Dir - straight line, f/p - adder
Aim: an adder (chance to defeat MR: 82%)
The adder writhes in agony.
The adder bites you.
* * * LOW HITPOINT WARNING * * *
The adder barely misses you. The adder barely misses you.
Found 11 gold pieces.
The adder bites you.
* * * LOW HITPOINT WARNING * * *
You are poisoned.
The adder poisons you!
You feel sick.
Casting: Pain (safe; 2% risk of failure)
Confirm with . or Enter, or press ? or * to list all spells.
Aiming: Pain (safe; 2% risk of failure)
Press: ? - help, Shift-Dir - straight line, f/p - adder
Aim: an adder (moderately wounded, chance to defeat MR: 82%)
The adder writhes in agony.
The adder bites you.
You die...

..#.......)w.# #.#.# #
#...##.....#.# #.#.###
## ##.#######.#r#
#.#.#.. ..
#..........#.# #...!.#
.# ...
######..#.#####...##
.. ..#
.######..#.w..w..#..†
.# #.#
......<..######.....#
.#...
#.######..######.....#
##..#.#
#....@Sr.............#
.<....#
########..######.....#
###.### #..# #.....# #
#..# #%..... #..#
#.#.... .... #.#.##.
###.# $#


You could see an adder and a quokka.

Vanquished Creatures
  An adder (D:3)
  2 dart slugs
  A leopard gecko (D:2)
  2 giant cockroaches
  3 goblins (D:1)
  9 hobgoblins
  7 jackals (D:2)
  A quokka (D:2)
  3 bats (D:1)
  6 kobolds
  3 rats (D:1)
38 creatures vanquished.

Vanquished Creatures (collateral kills)
  A jackal (D:2)
  A frilled lizard (D:2)
2 creatures vanquished.

Grand Total: 40 creatures vanquished

Notes
Turn   | Place    | Note
-------+----------+-------------------------------------------
     0 | D:1      | Andrea the Ogre Necromancer began the quest for the Orb.
     0 | D:1      | Reached XP level 1. HP: 16/16 MP: 3/3
   116 | D:1      | Reached XP level 2. HP: 10/26 MP: 0/5
   119 | D:1      | Learned a level 1 spell: Animate Skeleton
   328 | D:1      | Reached skill level 1 in Fighting
   732 | D:1      | Reached skill level 4 in Necromancy
  1147 | D:2      | Reached XP level 3. HP: 22/33 MP: 7/7
  1396 | D:2      | You fall through a shaft for 2 floors!
  1419 | D:4      | Noticed a scorpion
  2023 | D:2      | Reached XP level 4. HP: 13/42 MP: 0/8
  2054 | D:2      | Slain by an adder

Skill      XL: |  1  2  3 |
---------------+----------+-----
Fighting       | 1 |  1.9
Necromancy     | 4 |  4.3
Spellcasting   | 3 |  3.1
Dodging        | |  1.7
Stealth        | |  1.4

Action                   |  1- 3 |  4- 6 || total
-------------------------+-------+-------++-------
Melee: Club              |    71 |       ||    71
 Cast: Pain              |    63 |     4 ||    67
       Animate Skeleton  |    12 |       ||    12
 Stab: Sleeping          |     1 |       ||     1
  Eat: Chunk             |     4 |       ||     4
Armor: Robe              |    40 |     2 ||    42
Dodge: Dodged            |    84 |     8 ||    92
